 Dungeon Crawl Stone Soup version 0.29.1-2-gbd0b4ee654 (webtiles) character file.

Game seed: 14545106336605650673

123 NinjaNoafa the Chopper (level 4, 0/39 HPs)
             Began as a Minotaur Fighter on Nov 21, 2022.
             Slain by Terence
             ... wielding a +0 flail
              (9 damage)
             ... on level 3 of the Dungeon.
             The game lasted 00:03:20 (2101 turns).

NinjaNoafa the Chopper (Minotaur Fighter)           Turns: 2101, Time: 00:03:20

Health: 0/39       AC:  6    Str: 23    XL:     4   Next: 79%
Magic:  3/3        EV:  9    Int:  5    God:
Gold:   87         SH:  4    Dex:  9    Spells: 3/3 levels left

rFire   . . .      SeeInvis .   a - +0 war axe
rCold   . . .      Faith    .   c - +0 buckler
rNeg    . . .      Spirit   .   b - +0 scale mail
rPois   .          Reflect  .   (helmet restricted)
rElec   .          Harm     .   (no cloak)
rCorr   .          Rampage  .   (no gloves)
Will    .....                   (no boots)
Stlth   ..........              (no amulet)
HPRegen 0.13/turn               k - ring of flight
MPRegen 0.08/turn               (no ring)

@: flying
A: horns 2, retaliatory headbutt
a: no special abilities


You were on level 3 of the Dungeon.
You visited 1 branch of the dungeon, and saw 3 of its levels.

You collected 87 gold pieces.

Inventory:

Hand Weapons
 a - a +0 war axe (weapon)
Missiles
 g - 3 poisoned darts (quivered)
 h - 34 stones
 l - 2 boomerangs
 o - 6 datura-tipped darts
Armour
 b - a +0 scale mail (worn)
 c - a +0 buckler (worn)
Jewellery
 k - a ring of flight (left hand)
Scrolls
 f - a scroll of blinking {unknown}
 m - a scroll of teleportation {unknown}
 n - a scroll of butterflies {unknown}
 p - a scroll of identify {unknown}
Potions
 d - a potion of might
 e - 2 potions of lignification {unknown}
 i - a potion of degeneration {unknown}
 j - a potion of heal wounds {unknown}


   Skills:
 - Level 3.6 Fighting
 + Level 6.1 Axes
 - Level 3.6 Armour
 - Level 3.6 Shields


You had 3 spell levels left.
You didn't know any spells.
Your spell library contained the following spells:

 Spells                   Type           Power      Damage    Failure   Level
 Apportation              Tloc           0%         N/A       86%         1
 Necrotise                Necr           0%         1d4       86%         1
 Summon Small Mammal      Summ           0%         N/A       86%         1
 Call Canine Familiar     Summ           0%         N/A       99%         3
 Frozen Ramparts          Ice            0%         1d1       99%         3
 Summon Guardian Golem    Hex/Summ       0%         N/A       99%         3
 Airstrike                Air            0%         2d(0-16)  100%        4
 Ice Form                 Ice/Tmut       0%         N/A       100%        4
 Summon Ice Beast         Ice/Summ       0%         N/A       100%        4
 Summon Lightning Spire   Summ/Air       0%         N/A       100%        4
 Lightning Bolt           Conj/Air       0%         1d11      100%        5


Dungeon Overview and Level Annotations

Branches:
Dungeon (3/15)

Altars:

Shops:
D:2 *

Annotations:
D:3 Terence


Innate Abilities, Weirdness & Mutations

You have a pair of horns on your head.
You reflexively headbutt those who attack you in melee.


Message History

The bat barely misses you. You furiously retaliate!
You headbutt the bat.
You kill the bat!
An orc comes into view. It is wielding a +0 mace.
An orc comes into view. It is wielding a +0 trident.
You hit the orc priest. Your headbutt misses the orc priest.
The orc priest is moderately wounded.
The orc priest hits you but does no damage.
You closely miss the orc priest.
The orc priest is moderately wounded.
The orc priest barely misses you. You furiously retaliate!
You headbutt the orc priest! You block the orc's attack.
You slash the orc!
You kill the orc!
You block the orc's attack.
You closely miss the orc priest. Your headbutt misses the orc priest.
The orc priest is severely wounded.
The orc priest calls down the wrath of Beogh upon you.
Beogh smites you!
The orc hits you from afar with a +0 trident.
You hit the orc priest.
You kill the orc priest!
The orc hits you but does no damage. The orc misses you.
Terence the Incautious comes into view.
He is wielding a +0 flail and wearing a +3 chain mail of willpower.
Your Axes skill increases to level 6!
Unknown command.
You block Terence's attack.
Items here: )) [ †.
Terence barely misses you.
Unknown command.
The orc hits you with a +0 trident! Terence hits you with a +0 flail.
Items here: )) [ †.
You barely miss the orc. You hit Terence but do no damage.
The orc hits you but does no damage. Terence hits you with a +0 flail.
* * * LOW HITPOINT WARNING * * *
Okay, then.
The orc attacks as you move away! The orc closely misses you.
The orc hits you from afar with a +0 trident.
* * * LOW HITPOINT WARNING * * *
Terence attacks as you move away! Terence hits you with a +0 flail!
You die...

... ..#.####
##.# #.#.# ..#
#.#.# #.# #.#.#
#(#####.#.#
#...>.....#
#o#####†###
##.###)#####.##
#.....@@.......
#.##.##########
#. #


You could see Terence and an orc.

Vanquished Creatures
  An orc priest (D:3)
  4 adders (D:2)
  A dart slug (D:1)
  An orc (D:3)
  An endoplasm (D:1)
  6 giant cockroaches
  4 goblins
  6 hobgoblins
  4 jackals (D:1)
  2 quokkas (D:1)
  7 ball pythons
  5 bats
  3 frilled lizards
  3 kobolds
  6 rats
54 creatures vanquished.

Notes
Turn   | Place    | Note
-------+----------+-------------------------------------------
     0 | D:1      | NinjaNoafa the Minotaur Fighter began the quest for the
                  | Orb.
     0 | D:1      | Reached XP level 1. HP: 19/19 MP: 0/0
   117 | D:1      | Reached skill level 3 in Axes
   193 | D:1      | Reached XP level 2. HP: 26/26 MP: 1/1
   402 | D:1      | Reached skill level 4 in Axes
   709 | D:1      | Reached XP level 3. HP: 29/31 MP: 2/2
  1059 | D:1      | Found a faded altar of an unknown god.
  1263 | D:2      | Reached skill level 5 in Axes
  1443 | D:2      | Reached XP level 4. HP: 30/39 MP: 3/3
  1679 | D:2      | Found Xeoraw's Assorted Antiques.
  2095 | D:3      | Noticed Terence
  2096 | D:3      | Reached skill level 6 in Axes
  2101 | D:3      | Slain by Terence

Illustrated notes

Levels and vault maps discovered:
D:1:      spicycebolla_arrival_xxxplode, layout_loops_ring,
          basic_ecumenical_altar, nrook_loot_triangle, minivault_5,
          hangedman_decor_push
D:2:      layout_loops_corners, serial_shops, shop
D:3:      layout_loops_ring, grunt_gozag_breadcrumbs,
          gammafunk_ghost_nasty_kobolds, uniq_terence

Skill      XL: |  1  2  3  4 |
---------------+-------------+-----
Axes           | 3 4 5 6 |  6.1
Fighting       | |  3.6
Armour         | |  3.6
Shields        | |  3.6

Action                   |  1- 3 |  4- 6 || total
-------------------------+-------+-------++-------
Melee: War axe           |    85 |    16 ||   101
       Headbutt          |     7 |     2 ||     9
Armor: Scale mail        |    39 |     6 ||    45
Dodge: Dodged            |    51 |    10 ||    61
Block: Buckler           |    15 |     4 ||    19
